Map: Zen LE

Players

antagomiR

  • Race: Protoss Protoss
  • League: Gold
  • Spawn Location: 1:00

mitosis - Winner!

  • Race: Terran Terran
  • Spawn Location: 7:00

VOD

Have the link to the VOD?

Description

Time

  • Played on: April 5, 2020, 4:55 p.m.
  • Length: 4:57
Show
View Real Time Build Order
Export as new Build Order

antagomiR Protoss 

Build Orders:  

Get SALT Encoding   

  12  0:01  Probe  
  13  0:13  Probe  
  14  0:18  Pylon  
  14  0:25  Probe  
  15  0:37  Gateway  
  15  0:39  Probe  
  16  0:51  Assimilator  
  16  0:52  Probe (Chrono Boost)  
  17  1:04  Probe (Chrono Boost)  
  18  1:06  Assimilator  
  18  1:10  Probe (Chrono Boost)  
  19  1:30  Probe  
  20  1:33  Cybernetics Core  
  20  1:41  Pylon  
  20  1:42  Probe  
  22  1:54  Probe  
  22  2:06  Probe  
  22  2:07  Warp Gate (Chrono Boost)  
  23  2:15  Robotics Facility  
  23  2:16  Adept (Chrono Boost)  
  23  2:18  Probe  
  26  2:30  Probe  
  27  2:42  Probe  
  27  2:45  Nexus  
  27  2:48  Pylon  
  27  2:53  Adept  
  29  3:05  Gateway  
  29  3:13  Shield Battery  
  29  3:19  Probe  
  30  3:31  Probe  
  31  3:35  Gateway, Observer  
  32  3:44  Probe  
  33  3:54  Pylon  
  33  3:56  Probe  
  33  4:03  Stalker  
  33  4:08  Probe  
  32  4:27  Stalker  
  33  4:34  Pylon  
Show
View Real Time Build Order
Export as new Build Order

mitosis Terran - Winner!

Build Orders:  

Get SALT Encoding   

  12  0:08  Supply Depot  
  12  0:31  Barracks  
  12  0:38  Barracks  
  12  0:48  Refinery  
  12  0:57  Refinery  
  12  1:26  Barracks Reactor  
  12  1:35  Barracks Reactor  
  12  1:47  Supply Depot  
  12  2:02  Reaper  
  12  2:03  Reaper  
  14  2:13  Reaper x2  
  16  2:34  Reaper  
  16  2:35  Reaper  
  18  2:45  Reaper  
  18  2:49  Reaper  
  20  3:07  Reaper x2  
  22  3:17  Reaper  
  23  3:25  Reaper  
  24  3:39  Reaper  
  25  3:44  Reaper  
Tags
 
League
Gold
Matchup
PvT
Replay Pack
20200422
Spawn Locations
Cross Positions
Add a new tag
Caveats
  • Supply blocks, unpowered buildings, or Contaminate may cause inaccurate times.
  • Supply counts are checked every 10 seconds.